 Seeded DCSS version 0.30-a0-743-gbfdf073431 (webtiles) character file.

Game seed: 5430720872467839093 (custom seed)

674 purpskrrrp the Covert (level 7, -2/47 HPs)
             Began as an Octopode Brigand on Feb 7, 2023.
             Slain by elongatedgoose's ghost (24 damage)
             ... on level 4 of the Dungeon.
             The game lasted 00:07:00 (3333 turns).

purpskrrrp the Covert (Octopode Brigand)            Turns: 3333, Time: 00:07:01

Health: -2/47      AC:  3    Str: 21    XL:     7   Next: 59%
Magic:  7/7        EV: 13    Int: 16    God:
Gold:   164        SH: 11    Dex: 22    Spells: 6/6 levels left

rFire   . . .      SeeInvis .    a - +2 dagger (chaos)
rCold   . . .      Faith    .    m - +1 kite shield of Tigraj {Int-4 Dex+4 Slay+5}
rNeg    . . .      Spirit   .    s - +2 hat of Dure {Dex+3}
rPois   .          Reflect  .    (no amulet)
rElec   .          Harm     .    l - +6 ring of strength
rCorr   .          Rampage  .    t - ring "Uciakol" {rC- Will+ Str+5 Int+6}
Will    +....                    n - ring of protection from cold
Stlth   ++++++                   (no ring)
HPRegen 0.27/turn                (no ring)
MPRegen 0.10/turn                (no ring)
                                 (no ring)
                                 (no ring)

@: studying Fighting
A: almost no armour, amphibious, 8 rings, camouflage 1, gelatinous body 1,
nimble swimmer 1, tentacles
a: no special abilities


You were on level 4 of the Dungeon.
You visited 1 branch of the dungeon, and saw 4 of its levels.

You collected 164 gold pieces.

Inventory:

Hand Weapons
 a - a +2 dagger of chaos (weapon)
Missiles
 b - 14 poisoned darts
 c - 3 curare-tipped darts
 z - a throwing net
Armour
 m - the +1 kite shield of Tigraj (worn) {Int-4 Dex+4 Slay+5}
   (You acquired it on level 2 of the Dungeon)

   Int:       It affects your intelligence (-4).
   Dex:       It affects your dexterity (+4).
   Slay:      It affects your accuracy & damage with ranged weapons and melee
   (+5).
 r - the +3 warlock's mirror {omnireflect}
   (You acquired it on level 2 of the Dungeon)

   Omnireflect: It can block and reflect piercing ranged attacks and magical
   attacks against the wielder's willpower.
 s - the +2 hat of Dure (worn) {Dex+3}
   (You acquired it on level 2 of the Dungeon)

   Dex:       It affects your dexterity (+3).
Jewellery
 l - a +6 ring of strength (left tentacle)
 n - a ring of protection from cold (on tentacle)
 t - the ring "Uciakol" (right tentacle) {rC- Will+ Str+5 Int+6}
   (You acquired it on level 2 of the Dungeon)

   [ring of intelligence]

   Str:       It affects your strength (+5).
   Int:       It affects your intelligence (+6).
   rC:        It makes you vulnerable to cold.
   Will:      It increases your willpower.
 F - a ring of positive energy
Wands
 u - a wand of mindburst (13)
 C - a wand of roots (5)
Scrolls
 e - 2 scrolls of teleportation {unknown}
 g - 3 scrolls of amnesia {unknown}
 i - 2 scrolls of noise {unknown}
 j - a scroll of torment {unknown}
 k - 3 scrolls of identify {unknown}
 o - a scroll of fog {unknown}
 p - a scroll of immolation {unknown}
 q - 2 scrolls of enchant armour {unknown}
 y - a scroll of silence {unknown}
 B - a scroll of poison {unknown}
 D - a scroll of blinking {unknown}
 E - a scroll of butterflies {unknown}
Potions
 d - a potion of mutation {unknown}
 f - 2 potions of attraction {unknown}
 h - 2 potions of lignification {unknown}
 v - a potion of ambrosia {unknown}
 w - a potion of degeneration {unknown}
 x - 2 potions of berserk rage {unknown}


   Skills:
 + Level 3.7 Fighting
 + Level 3.5 Short Blades
 - Level 2.7 Throwing
 + Level 3.2 Dodging
 * Level 8.3 Stealth
 * Level 3.1 Shields


You had 6 spell levels left.
You didn't know any spells.
Your spell library was empty.

Dungeon Overview and Level Annotations

Branches:
Dungeon (4/15)             Temple (0/1) D:4

Altars:
Okawaru

Shops:
D:2 ?

Annotations:
D:4 elongatedgoose's ghost, amateur TrFi


Innate Abilities, Weirdness & Mutations

You cannot wear most types of armour.
You are amphibious.
You can wear up to eight rings at the same time.
Your skin changes colour to match your surroundings (Stealth+).
Your rubbery body absorbs attacks. (AC +1, EV +1)
You are camouflaged when in or above water. (Stealth+)
You have tentacles for arms and can constrict up to eight enemies at once.


Message History

Elongatedgoose's ghost seems to grow stronger.
You squeeze elongatedgoose's ghost!
Elongatedgoose's ghost is heavily damaged.
Elongatedgoose's ghost hits you!
* * * LOW HITPOINT WARNING * * *
You are too injured to fight recklessly!
You are too injured to fight recklessly!
You are too injured to fight recklessly!
You are too injured to fight recklessly!
You are too injured to fight recklessly!
You are too injured to fight recklessly!
You are too injured to fight recklessly!
You are too injured to fight recklessly!
You are too injured to fight recklessly!
You are too injured to fight recklessly!
You are too injured to fight recklessly!
You are too injured to fight recklessly!
You are too injured to fight recklessly!
You are too injured to fight recklessly!
You are too injured to fight recklessly!
You are too injured to fight recklessly!
You are too injured to fight recklessly!
You are too injured to fight recklessly!
You are too injured to fight recklessly!
You are too injured to fight recklessly!
You are too injured to fight recklessly!
You are too injured to fight recklessly!
You are too injured to fight recklessly!
You are too injured to fight recklessly!
You are too injured to fight recklessly!
You are too injured to fight recklessly!
You are too injured to fight recklessly!
You are too injured to fight recklessly!
You are too injured to fight recklessly!
You are too injured to fight recklessly!
You feel better.
You block elongatedgoose's ghost's attack.
Elongatedgoose's ghost hits you!!
Ouch! That really hurt!
You die...

##.#........######.###...######
#.#.######.######..##...# #
#.#.....................# #
#.#..#####.########.....##
#..........##............# #
############..#####......# #
##..........[...# #......# #
#...########.########...#.# #
#...# #......'@W~~?~###...# #
#...# #......###########..## #
#...########....##...# #...# #
#.......#<.#....##.#.####..# #
#...###.#.......#.P...# #..## #
#.....#.####....#.....# #...#
#.....#............>P.# #.#.#
####..####.###.....P..# #.#.###
#..)..)<.....#.....###.#...#


You could see elongatedgoose's ghost (fast, strong).

Vanquished Creatures
  Blork the orc (D:4)
  A bullfrog (D:4)
  A scorpion (D:4)
  A necrophage (D:2)
  2 orc priests
  An iguana (D:4)
  4 orc wizards
  9 gnolls
  6 adders
  A white imp (D:4)
  3 worms (D:4)
  A dart slug (D:4)
  5 orcs
  3 bats
  8 endoplasms
  3 giant cockroaches
  7 hobgoblins
  7 jackals
  6 kobolds
  5 quokkas
  8 ball pythons
  2 frilled lizards
  4 goblins
  3 rats
92 creatures vanquished.

Notes
Turn   | Place    | Note
-------+----------+-------------------------------------------
     0 | D:1      | purpskrrrp the Octopode Brigand began the quest for the
                  | Orb.
     0 | D:1      | Reached XP level 1. HP: 14/14 MP: 1/1
    72 | D:1      | Reached XP level 2. HP: 18/19 MP: 2/2
   788 | D:1      | Reached XP level 3. HP: 21/24 MP: 3/3
  1099 | D:2      | Noticed a necrophage
  1101 | D:2      | Killed a necrophage
  1102 | D:2      | Reached skill level 6 in Stealth
  1102 | D:2      | Reached XP level 4. HP: 30/30 MP: 4/4
  1234 | D:2      | Reached XP level 5. HP: 23/35 MP: 5/5
  1460 | D:2      | Found Doddoiw's Magic Scroll Shoppe.
  1511 | D:2      | Identified 4 scrolls of acquirement
  1511 | D:2      | Acquired the +3 warlock's mirror {omnireflect}
  1511 | D:2      | Found the +3 warlock's mirror {omnireflect}
  1517 | D:2      | Acquired the +2 hat of Dure {Dex+3}
  1523 | D:2      | Acquired the ring "Uciakol" {rC- Will+ Str+5 Int+6}
  1524 | D:2      | Acquired the +1 kite shield of Tigraj {Int-4 Dex+4 Slay+5}
  1572 | D:3      | Reached skill level 1 in Shields
  1758 | D:3      | Identified the +3 short sword of the Manifold Quests
                  | {flame, rElec Int+5}
  1849 | D:3      | Reached skill level 7 in Stealth
  1862 | D:3      | Reached XP level 6. HP: 8/42 MP: 6/6
  2073 | D:3      | Found an iron altar of Okawaru.
  2163 | D:3      | Identified the +2 robe of Binutifa {rPois Dex+5}
  2315 | D:3      | Found a faded altar of an unknown god.
  2850 | D:4      | Found a runed translucent door.
  2850 | D:4      | Noticed elongatedgoose's ghost (amateur TrFi)
  2858 | D:4      | Found a staircase to the Ecumenical Temple.
  2935 | D:4      | Reached XP level 7. HP: 46/46 MP: 7/7
  3086 | D:4      | Noticed Blork the orc
  3094 | D:4      | Killed Blork the orc
  3095 | D:4      | Reached skill level 8 in Stealth
  3333 | D:4      | Slain by elongatedgoose's ghost

Illustrated notes

Levels and vault maps discovered:
D:1:      dpeg_arrival_boxes_within_box, layout_basic
D:2:      layout_loops_ring, serial_shops, shop, nicolae_kite_square_tiling_tiny
D:3:      layout_rooms, okawaru_metal_pillars_3, ebering_ecumenical_altar_rust
D:4:      layout_basic, minmay_temple_entry_overgrown, ebering_ghost_sewer_d,
          minmay_manual_monstrance, uniq_blork_the_orc

Skill      XL: |  1  2  3  4  5  6  7 |
---------------+----------------------+-----
Dodging        | 2 3 |  3.2
Stealth        | 6 7 8 |  8.3
Shields        | 1 2 3 |  3.1
Fighting       | 3 |  3.7
Short Blades   | 3 |  3.5
Throwing       | |  2.7

Action                     |  1- 3 |  4- 6 |  7- 9 || total
---------------------------+-------+-------+-------++-------
  Melee: Dagger            |    43 |    80 |    32 ||   155
         Constrict         |     8 |    23 |     4 ||    35
         Tentacles         |     7 |    14 |     5 ||    26
         Punch             |       |     2 |     1 ||     3
    Use: Scroll            |     1 |     4 |       ||     5
         Potion            |       |     2 |     1 ||     3
   Stab: Sleeping          |    13 |     8 |     9 ||    30
         Distracted        |       |     1 |     1 ||     2
 Armour: Skin              |     1 |    13 |     4 ||    18
  Dodge: Dodged            |    20 |    37 |    13 ||    70
  Block: Kite shield       |       |    42 |     6 ||    48

Table legend: (Time is in decaauts)
 A = Elapsed time spent in this place.
 B = Non-inter-level travel time spent in this place.
 C = Inter-level travel time spent in this place.
 D = Time resting spent in this place.
 E = Time spent auto-exploring this place.
 F = Levels seen in this place.
 G = Mean time per level.
                   A        B        C        D        E       F      G
               +--------+--------+--------+--------+--------+-----+--------+
         Total |   3328 |   3232 |     96 |    292 |   2381 |   4 |  832.0 |
       Dungeon |   3328 |   3232 |     96 |    292 |   2381 |   4 |  832.0 |
               +--------+--------+--------+--------+--------+-----+--------+

Top non-repeatable levels by time:
     D:1: 913 daAuts
     D:4: 911 daAuts
     D:3: 868 daAuts
     D:2: 635 daAuts
